 Dungeon Crawl Stone Soup version 0.18.1-6-gd335043 (webtiles) character file.

547 GordonOverkill the Vexing (level 7, -11/32 HPs)
             Began as a Spriggan Enchanter on May 20, 2016.
             Mangled by Crazy Yiuf
             ... wielding a +4 quarterstaff of chaos
              (12 damage)
             ... on level 3 of the Dungeon.
             The game lasted 00:14:34 (2892 turns).

GordonOverkill the Vexing (Spriggan Enchanter)      Turns: 2892, Time: 00:14:35

Health: -11/32     AC:  3    Str:  4    XL:     7   Next: 7%
Magic:  1/14       EV: 20    Int: 17    God:
Gold:   58         SH:  0    Dex: 18    Spells: 3 memorised, 8 levels left

rFire  . . .     SeeInvis +     y - +0 short sword (venom)
rCold  . . .     Gourm    .     b - +1 robe
rNeg   . . .     Faith    .     (shield restricted)
rPois  .         Spirit   .     (helmet restricted)
rElec  .         Dismiss  .     (no cloak)
rCorr  .         Reflect  .     (gloves unavailable)
SustAt .         Harm     .     (boots unavailable)
MR     +....                    (no amulet)
Stlth  ++++......               (no ring)
                                n - +2 ring of evasion

@: very slightly contaminated, very quick, somewhat resistant to hostile
enchantments, stealthy
A: unfitting armour, see invisible, herbivore 3, speed 3, slow metabolism 2
a: no special abilities


You were on level 3 of the Dungeon.
You were not hungry.

You visited 1 branch of the dungeon, and saw 3 of its levels.
You also visited: Sewer.

You collected 58 gold pieces.

Inventory:

Hand Weapons
 y - a +0 short sword of venom (weapon)
Armour
 b - a +1 robe (worn)
Jewellery
 n - a +2 ring of evasion (left hand)
 u - an uncursed ring of wizardry {unknown}
Wands
 m - a wand of slowing (11/48)
 w - a wand of polymorph (16/24)
Scrolls
 a - a scroll of fear {unknown}
 f - 3 scrolls of teleportation {unknown}
 g - 3 scrolls of remove curse {unknown}
 i - a scroll of noise {unknown}
 j - a scroll of fog {unknown}
 l - 5 scrolls of identify {unknown}
 t - a scroll of enchant armour {unknown}
Potions
 h - 2 potions of heal wounds {unknown}
 k - 2 potions of mutation {unknown}
 o - a potion of curing {unknown}
 p - a potion of haste {unknown}
 q - a potion of cure mutation {unknown}
 r - a potion of invisibility {unknown}
 s - 3 potions of flight {unknown}
 x - a potion of degeneration {unknown}
Books
 c - a book of Maledictions

   Spells                             Type                      Level
   a - Corona                         Hexes                        1
   b - Ensorcelled Hibernation        Hexes/Ice                    2
   c - Confuse                        Hexes                        3
   d - Tukima's Dance                 Hexes                        3
   e - Dazzling Spray                 Conjuration/Hexes            3
Comestibles
 d - a bread ration
 v - 3 fruits


   Skills:
 - Level 5.0 Short Blades
 - Level 3.0 Dodging
 + Level 5.3 Stealth
 - Level 4.0 Spellcasting
 + Level 6.9 Hexes


You had 8 spell levels left.
You knew the following spells:

 Your Spells              Type           Power        Failure   Level  Hunger
a - Corona                Hex            ####...      1%          1    None
b - Ensorcelled Hibernat  Hex/Ice        ###...       6%          2    ##.....
c - Confuse               Hex            ####....     3%          3    ###....


Dungeon Overview and Level Annotations

Branches:
Dungeon (3/15)

Altars:
Dithmenos
Qazlal
Xom

Annotations:
D:3 Crazy Yiuf


Innate Abilities, Weirdness & Mutations

You are tiny and cannot use many weapons and most armour.
You have supernaturally acute eyesight.
You are a herbivore.
You cover ground extremely quickly.
You need consume almost no food.


Message History

Aiming: Confuse
Press: ? - help, Shift-Dir - straight line, f/p - Crazy Yiuf
Aim: Crazy Yiuf, wielding a quarterstaff of chaos and wearing a runed cloak (lightly wounded, poisoned, chance to defeat MR: 65%)
You miscast Confuse.
You are very lightly contaminated with residual magic.
Your skin glows momentarily.
Crazy Yiuf laughs, "You song unthinkable!"
Crazy Yiuf hits you with a quarterstaff of chaos!
Ouch! That really hurt!
* * * LOW HITPOINT WARNING * * *
Crazy Yiuf burns you!
* * * LOW HITPOINT WARNING * * *
Casting: Confuse
Confirm with . or Enter, or press ? or * to list all spells.
Aiming: Confuse
Press: ? - help, Shift-Dir - straight line, f/p - Crazy Yiuf
Aim: Crazy Yiuf, wielding a quarterstaff of chaos and wearing a runed cloak (moderately wounded, poisoned, chance to defeat MR: 65%) Crazy Yiuf struggles to resist.
Crazy Yiuf hits you with a quarterstaff of chaos!
You die...

## #. #. ##
##### #)..#
.. #...#
#.## #.g.#
..#### #@#
#..... #.##
##..... ##.#
### #......
#.##
#.####......
##.#
#.##........
##.##
#..#.#).....
##PP.#
#..#.#......
#PP#.#
#....##.....
#....#
#..#.#......


You could see Crazy Yiuf.

Vanquished Creatures
  Sigmund (D:3)
  Purgy (Sewer)
  An orc wizard (D:3)
  Ijyb (D:3)
  Terence (D:3)
  Natasha (thrice) (D:2)
  8 adders
  An ooze (D:1)
  3 worms
  5 giant geckos
  2 orcs (D:3)
  6 bats
  3 giant cockroaches
  5 goblins
  5 hobgoblins
  3 jackals (D:3)
  2 quokkas (D:3)
  8 giant newts
  9 kobolds
  7 rats
  A fungus (D:3)
76 creatures vanquished.

Notes
Turn   | Place    | Note
--------------------------------------------------------------
     0 | D:1      | GordonOverkill the Spriggan Enchanter began the quest for the Orb.
     0 | D:1      | Reached XP level 1. HP: 9/9 MP: 5/5
   134 | D:1      | Reached skill level 4 in Hexes
   173 | D:1      | Reached XP level 2. HP: 13/13 MP: 6/6
   458 | D:1      | Learned a level 2 spell: Ensorcelled Hibernation
   799 | D:1      | Reached XP level 3. HP: 16/16 MP: 5/8
   905 | D:2      | Found a shimmering altar of Xom.
   906 | D:2      | Found a shimmering altar of Xom.
   906 | D:2      | Found a shimmering altar of Xom.
   907 | D:2      | Found a shimmering altar of Xom.
   987 | D:2      | Noticed Natasha
   989 | D:2      | Killed Natasha
   997 | D:2      | Found a shadowy altar of Dithmenos.
  1111 | D:2      | Noticed Natasha
  1117 | D:2      | Killed Natasha
  1117 | D:2      | Reached XP level 4. HP: 21/21 MP: 6/10
  1379 | D:2      | Found a stormy altar of Qazlal.
  1777 | D:2      | Noticed Natasha
  1781 | D:2      | Killed Natasha
  1781 | D:2      | Reached skill level 5 in Hexes
  1781 | D:2      | Reached XP level 5. HP: 24/24 MP: 8/12
  1786 | D:2      | Learned a level 3 spell: Confuse
  1897 | D:3      | Noticed Ijyb
  1903 | D:3      | Killed Ijyb
  2216 | D:3      | Noticed Terence
  2420 | D:3      | Killed Terence
  2420 | D:3      | Reached XP level 6. HP: 28/28 MP: 8/13
  2445 | D:3      | Noticed Sigmund
  2448 | D:3      | Killed Sigmund
  2448 | D:3      | Reached skill level 5 in Short Blades
  2448 | D:3      | Reached skill level 6 in Hexes
  2512 | D:3      | Found a glowing drain.
  2517 | Sewer    | Entered a sewer
  2618 | Sewer    | Noticed Purgy
  2620 | Sewer    | Killed Purgy
  2620 | Sewer    | Reached skill level 5 in Stealth
  2620 | Sewer    | Reached XP level 7. HP: 32/32 MP: 14/14
  2885 | D:3      | Noticed Crazy Yiuf
  2891 | D:3      | HP: 1/32 [Crazy Yiuf/quarterstaff of chaos (8)]
  2892 | D:3      | Mangled by Crazy Yiuf

Skill      XL: |  1  2  3  4  5  6 |
---------------+-------------------+-----
Hexes          | 4 5 6 |  6.9
Short Blades   | 2 3 4 5 |  5.0
Spellcasting   | 3 4 |  4.0
Stealth        | 5 |  5.3
Dodging        | |  3.0

Action                   |  1- 3 |  4- 6 |  7- 9 || total
-------------------------+-------+-------+-------++-------
Melee: Dagger            |    96 |    78 |     4 ||   178
       Unarmed           |       |     1 |       ||     1
       Short sword       |       |       |    20 ||    20
 Cast: Ensorcelled Hiber |     4 |    40 |     6 ||    50
       Confuse           |       |     1 |     2 ||     3
       Corona            |       |     1 |       ||     1
 Stab: Sleeping          |    16 |    25 |     5 ||    46
       Distracted        |     1 |       |       ||     1
  Eat: Bread ration      |       |     1 |       ||     1
Armor: Robe              |    11 |     9 |       ||    20
Dodge: Dodged            |    71 |    47 |     9 ||   127
